 Dungeon Crawl Stone Soup version 0.28-a0-691-gad6df49e81 (webtiles) character file.

Game seed: 15511893662887032868

5436 Ijustatesigmund the Ducker (level 10, -11/79 HPs)
             Began as a Gnoll Wanderer on Oct 21, 2021.
             Engulfed by a death drake (shapeshifter)'s foul pestilence (13 damage)
             ... on level 8 of the Dungeon.
             The game lasted 00:23:01 (11228 turns).

Ijustatesigmund the Ducker (Gnoll Wanderer)        Turns: 11228, Time: 00:23:01

Health: -11/79     AC: 22    Str: 16    XL:     10   Next: 68%
Magic:  16/16      EV: 11    Int: 13    God:
Gold:   1279       SH: 16    Dex: 13    Spells: 20/20 levels left

rFire   + . .      SeeInvis +   a - +3 mace (protect)
rCold   + + .      Faith    .   B - +2 kite shield
rNeg    . . .      Spirit   .   e - +0 ring mail of the Snail {rC+ rCorr Str+4}
rPois   +          Reflect  +   q - +1 helmet
rElec   +          Harm     .   D - +0 cloak
rCorr   +          Rampage  .   (no gloves)
Will    .....      Rage     3%  f - +0 pair of boots
Stlth   +++.......              s - amulet of reflection
HPRegen 0.23/turn               l - ring of see invisible
MPRegen 0.15/turn               m - +4 ring of protection

@: mighty, resistant, under a protective aura, on berserk cooldown, slowed, very
slow
A: fangs 1, strong nose, distributed training, hooves 1, berserk 2, low mp 1,
poison resistance
a: no special abilities


You were on level 8 of the Dungeon.
You visited 1 branch of the dungeon, and saw 9 of its levels.
You also visited: Sewer.

You collected 1279 gold pieces.

Inventory:

Hand Weapons
 a - a +3 mace of protection (weapon)
 j - a +2 scimitar of flaming
Armour
 e - the +0 ring mail of the Snail (worn) {rC+ rCorr Str+4}
   (You found it on level 4 of the Dungeon)

   Str:       It affects your strength (+4).
   rC:        It protects you from cold.
   rCorr:     It protects you from acid and corrosion.
 f - a +0 pair of boots (worn)
 q - a +1 helmet (worn)
 B - a +2 kite shield (worn)
 D - a +0 cloak (worn)
Jewellery
 b - a ring of fire
 c - a ring of wizardry
 l - a ring of see invisible (left hand)
 m - a +4 ring of protection (right hand)
 s - an amulet of reflection (around neck)
Scrolls
 r - 3 scrolls of amnesia
 w - a scroll of holy word
 x - a scroll of immolation
Potions
 g - 4 potions of brilliance
 i - a potion of attraction
 p - 4 potions of flight
 t - 2 potions of cancellation
 u - a potion of magic {unknown}
 v - a potion of invisibility {unknown}
 z - a potion of resistance
 C - a potion of ambrosia {unknown}


   Skills:
 + Level 7.2 Fighting
 + Level 5.5 Short Blades
 + Level 6.1 Long Blades
 + Level 5.5 Axes
 + Level 5.5 Maces & Flails
 + Level 5.5 Polearms
 + Level 5.5 Staves
 + Level 5.5 Slings
 + Level 5.5 Bows
 + Level 6.1 Crossbows
 + Level 5.5 Throwing
 + Level 7.2 Armour
 + Level 7.2 Dodging
 + Level 7.0 Stealth
 + Level 5.5 Shields
 + Level 5.5 Unarmed Combat
 + Level 5.5 Spellcasting
 + Level 4.5 Conjurations
 + Level 4.5 Hexes
 + Level 4.5 Summonings
 + Level 4.5 Necromancy
 + Level 4.5 Translocations
 + Level 4.5 Transmutations
 + Level 4.5 Fire Magic
 + Level 4.5 Ice Magic
 + Level 4.5 Air Magic
 + Level 4.5 Earth Magic
 + Level 4.5 Poison Magic
 + Level 6.0 Invocations
 + Level 5.5 Evocations


You had 20 spell levels left.
You didn't know any spells.
Your spell library was empty.

Dungeon Overview and Level Annotations

Branches:
Dungeon (9/15)             Temple (0/1) D:7           Sewer (visited)
   Lair: D:8-11         Orc: D:9-12

Altars:
Okawaru
Sif Muna
Trog
Uskayaw
Zin

Shops:
D:9 [

Annotations:
D:7 Erica


Innate Abilities, Weirdness & Mutations

You have very sharp teeth.
Your uncanny sense of smell can sniff out nearby items.
Your experience applies equally to all skills.
You have large cloven feet.
You often lose your temper in combat.
Your magical capacity is low. (-10% MP)
Your system is resistant to poisons. (rPois)


Message History

The guardian serpent changes into a death drake!
You sock the death drake!
The death drake is lightly wounded.
You block the death drake's attack.
The death drake bites you but does no damage.
You sock the death drake!
The death drake is moderately wounded.
You block the bullfrog's attack. The death drake barely misses you.
You block the bullfrog's attack. You block the death drake's attack.
The bullfrog hits you.
* * * LOW HITPOINT WARNING * * *
Okay, then.
You hit the death drake.
The death drake is moderately wounded.
You block the bullfrog's attack. The death drake completely misses you.
You block the bullfrog's attack. The death drake breathes miasma at you.
The foul vapour engulfs you.
* * * LOW HITPOINT WARNING * * *
The bullfrog is engulfed in dark miasma.
The bullfrog is poisoned.
You block the bullfrog's attack. You block the death drake's attack.
Okay, then.
Okay, then.
It was a potion of resistance.
You feel protected.
You are engulfed in dark miasma.
You feel yourself speed up.
The bullfrog is engulfed in dark miasma.
The bullfrog looks even sicker.
The bullfrog closely misses you. The death drake bites you.
* * * LOW HITPOINT WARNING * * *
The bullfrog is engulfed in dark miasma.
The bullfrog looks even sicker.
You block the bullfrog's attack. The death drake bites you.
* * * LOW HITPOINT WARNING * * *
You barely miss the death drake.
The death drake is moderately wounded.
You are engulfed in dark miasma.
You feel yourself slow down.
You die...

#....Y...................
#....##.#+##.............
......(.# #..........g..
.......## #.....<.......
...... #.............
......########......###.
.#........#.........# #.
#......†.......#...####
.#.)@?.[.............
......†kF......##..!....
...>##.......#.#..###.##
... .............##....S
. ...........#..##......
............#.##.......
...?...######.#........
.......# . #...._Y_Y
......Y#..


You could see a death drake shaped shifter (catching breath) and a bullfrog
(very poisoned).

Vanquished Creatures
  Pikel (D:7)
  Maggie (D:7)
  A meliai (D:8)
  A yak (D:7)
  3 humans (D:7)
  A water moccasin (D:8)
  Duvessa (D:7)
  6 orc warriors
  2 sky beasts
  2 ice beasts
  3 black bears
  A necrophage (D:4)
  An ogre (D:6)
  A centaur (D:8)
  3 lemures (D:7)
  3 phantoms
  2 kobold brigands (Sewer)
  5 bullfrogs
  A gnoll sergeant (D:7)
  A scorpion (D:7)
  Dowan (D:7)
  4 howler monkeys (D:8)
  6 jellies
  3 orc priests
  A bullfrog skeleton (D:6)
  3 gnoll shamans
  Crazy Yiuf (D:7)
  5 hounds
  An iguana (D:6)
  8 orc wizards
  Natasha (thrice) (D:2)
  A killer bee zombie (D:5)
  2 hound skeletons
  A howler monkey skeleton (D:7)
  9 adders
  11 gnolls
  5 river rats (D:6)
  An ufetubus (D:6)
  A worm (D:2)
  2 dart slugs
  22 orcs
  6 ball pythons
  21 endoplasms
  3 giant cockroaches
  8 goblins
  8 hobgoblins
  4 quokkas
  4 bats
  3 frilled lizards
  30 kobolds
  7 rats
225 creatures vanquished.

Vanquished Creatures (others)
  An orc wizard (D:7)
  11 fungi
  6 toadstools (D:3)
18 creatures vanquished.

Grand Total: 243 creatures vanquished

Notes
Turn   | Place    | Note
-------+----------+-------------------------------------------
     0 | D:1      | Ijustatesigmund the Gnoll Wanderer began the quest for the
                  | Orb.
     0 | D:1      | Ijustatesigmund set off with the following items: a +2
                  | dagger, a potion of berserk rage, a potion of curing, a
                  | scroll of teleportation, a +0 robe
     0 | D:1      | Reached XP level 1. HP: 20/20 MP: 1/1
   274 | D:1      | Reached XP level 2. HP: 26/26 MP: 2/2
   933 | D:2      | Reached XP level 3. HP: 16/31 MP: 2/4
  1162 | D:2      | Gained mutation: You have large cloven feet. [potion of
                  | mutation]
  1162 | D:2      | Gained mutation: You have hidden genetic defects. [potion
                  | of mutation]
  1162 | D:2      | Gained mutation: You tend to lose your temper in combat.
                  | [potion of mutation]
  1162 | D:2      | Gained mutation: Your system is resistant to poisons.
                  | (rPois) [potion of mutation]
  1186 | D:2      | Reached skill level 1 in Invocations
  1199 | D:2      | Noticed Natasha
  1211 | D:2      | Killed Natasha
  1212 | D:2      | Reached skill level 1 in Short Blades
  1212 | D:2      | Reached skill level 1 in Axes
  1212 | D:2      | Reached skill level 1 in Maces & Flails
  1212 | D:2      | Reached skill level 1 in Polearms
  1212 | D:2      | Reached skill level 1 in Staves
  1212 | D:2      | Reached skill level 1 in Slings
  1212 | D:2      | Reached skill level 1 in Bows
  1212 | D:2      | Reached skill level 1 in Throwing
  1212 | D:2      | Reached skill level 1 in Shields
  1212 | D:2      | Reached skill level 1 in Unarmed Combat
  1212 | D:2      | Reached skill level 1 in Spellcasting
  1212 | D:2      | Reached skill level 1 in Evocations
  1212 | D:2      | Reached XP level 4. HP: 15/38 MP: 5/5
  1215 | D:2      | Gained mutation: Your magical capacity is low. (-10% MP)
                  | [hidden defects]
  1639 | D:2      | Noticed Natasha
  1655 | D:2      | Killed Natasha
  1656 | D:2      | Reached skill level 1 in Conjurations
  1656 | D:2      | Reached skill level 1 in Hexes
  1656 | D:2      | Reached skill level 1 in Summonings
  1656 | D:2      | Reached skill level 1 in Necromancy
  1656 | D:2      | Reached skill level 1 in Translocations
  1656 | D:2      | Reached skill level 1 in Transmutations
  1656 | D:2      | Reached skill level 1 in Fire Magic
  1656 | D:2      | Reached skill level 1 in Ice Magic
  1656 | D:2      | Reached skill level 1 in Air Magic
  1656 | D:2      | Reached skill level 1 in Earth Magic
  1656 | D:2      | Reached skill level 1 in Poison Magic
  1658 | D:2      | Gained mutation: You often lose your temper in combat.
                  | [hidden defects]
  1658 | D:2      | Lost mutation: You have hidden genetic defects. [hidden
                  | defects expressed]
  1762 | D:2      | Noticed Natasha
  1788 | D:2      | Killed Natasha
  1789 | D:2      | Reached XP level 5. HP: 31/43 MP: 6/6
  2108 | D:2      | Found a faded altar of an unknown god.
  2634 | D:3      | Found a shimmering blue altar of Sif Muna.
  3795 | D:3      | Reached XP level 6. HP: 30/50 MP: 7/7
  4233 | D:4      | Reached skill level 5 in Fighting
  4233 | D:4      | Reached skill level 5 in Armour
  4233 | D:4      | Reached skill level 5 in Dodging
  4350 | D:4      | Identified a scroll of acquirement
  4350 | D:4      | Acquired 957 gold pieces
  4735 | D:4      | Reached XP level 7. HP: 56/56 MP: 9/9
  5114 | D:4      | Identified the +0 ring mail of the Snail {rC+ rCorr Str+4}
  5232 | D:5      | Entered Level 5 of the Dungeon
  5296 | D:5      | Reached skill level 5 in Stealth
  5306 | D:5      | Reached XP level 8. HP: 63/63 MP: 9/11
  6655 | D:6      | Found a glowing drain.
  6673 | Sewer    | Entered a sewer
  7079 | Sewer    | Reached XP level 9. HP: 69/69 MP: 13/13
  7386 | D:6      | You fall into a shaft and drop 1 floor!
  8479 | D:7      | Reached skill level 5 in Long Blades
  8479 | D:7      | Reached skill level 5 in Crossbows
  8805 | D:7      | Noticed Duvessa
  8811 | D:7      | Noticed Dowan
  8830 | D:7      | Killed Dowan
  8847 | D:7      | Found a staircase to the Ecumenical Temple.
  9306 | D:7      | Reached skill level 5 in Invocations
  9442 | D:7      | Found a runed translucent door.
  9443 | D:7      | Noticed Crazy Yiuf
  9503 | D:7      | Noticed Pikel
  9523 | D:7      | Killed Pikel
  9524 | D:7      | Reached XP level 10. HP: 60/77 MP: 15/15
  9699 | D:7      | Killed Duvessa
  9700 | D:7      | Reached skill level 5 in Short Blades
  9700 | D:7      | Reached skill level 5 in Axes
  9700 | D:7      | Reached skill level 5 in Maces & Flails
  9700 | D:7      | Reached skill level 5 in Polearms
  9700 | D:7      | Reached skill level 5 in Staves
  9700 | D:7      | Reached skill level 5 in Slings
  9700 | D:7      | Reached skill level 5 in Bows
  9700 | D:7      | Reached skill level 5 in Throwing
  9700 | D:7      | Reached skill level 5 in Shields
  9700 | D:7      | Reached skill level 5 in Unarmed Combat
  9700 | D:7      | Reached skill level 5 in Spellcasting
  9700 | D:7      | Reached skill level 5 in Evocations
  9801 | D:7      | Noticed Maggie
  9830 | D:7      | Killed Maggie
 10429 | D:7      | Killed Crazy Yiuf
 10467 | D:8      | Noticed Erica
 10498 | D:8      | Found a hide-covered altar of Uskayaw.
 10498 | D:8      | Found an iron altar of Okawaru.
 10498 | D:8      | Found a glowing silver altar of Zin.
 10498 | D:8      | Found a bloodstained altar of Trog.
 10989 | D:9      | Found Vyraty's Antique Armour Shoppe.
 11214 | D:8      | Noticed a guardian serpent
 11223 | D:8      | Noticed a death drake
 11223 | D:8      | a guardian serpent changed into a death drake
 11227 | D:8      | HP: 2/79 [death drake (shapeshifter) (3)]
 11228 | D:8      | Engulfed by a death drake (shapeshifter)'s foul pestilence

Illustrated notes

Levels and vault maps discovered:
D:1:      psy_arrival_fountain, layout_loops_cross
D:2:      layout_rooms, dreamdust_ecumenical_altar_angels_and_demons,
          uniq_natasha
D:3:      cheibrodos_fertilizer, layout_loops_ring, mainiacjoe_overflow_alcove_1
D:4:      layout_rooms, lemuel_flame_loot_1
D:5:      layout_cave_pods
D:6:      layout_basic, portal_sewer_entry_e, minmay_misc_feat_encased,
          chequers_serial_rivers_large_b
D:7:      layout_loops_ring, minmay_temple_entry_proselytizer, st_stairs_4,
          minmay_ruffians, uniq_pikel, uniq_crazy_yiuf_cottage, uniq_maggie,
          uniq_duvessa
D:8:      minmay_the_grid_octo_tiled_octocenter [minmay_the_grid_octo_shrine,
          minmay_the_grid_octo_empty, minmay_the_grid_octo_tetromino_candy,
          minmay_the_grid_octo_toaster, minmay_the_grid_octo_prize_star,
          minmay_the_grid_square_5x5_lines, minmay_the_grid_square_5x5_eight,
          minmay_the_grid_square_5x5_z, minmay_the_grid_square_5x5_meh],
          layout_basic, uniq_erica
D:9:      layout_cross, erik_orc_2, ploomutoo_gammafunk_ghost_potion_laboratory,
          serial_shops, shop, nicolae_specific_store, minmay_misc_feat_hallway,
          grunt_decor_one_mirror, eino_jars, uniq_erolcha

Skill      XL: |  1  2  3  4  5  6  7  8  9 10 |
---------------+-------------------------------+-----
Invocations    | 1 2 3 4 5 6 |  6.0
Short Blades   | 1 2 3 4 5 |  5.5
Axes           | 1 2 3 4 5 |  5.5
Maces & Flails | 1 2 3 4 5 |  5.5
Polearms       | 1 2 3 4 5 |  5.5
Staves         | 1 2 3 4 5 |  5.5
Slings         | 1 2 3 4 5 |  5.5
Bows           | 1 2 3 4 5 |  5.5
Throwing       | 1 2 3 4 5 |  5.5
Shields        | 1 2 3 4 5 |  5.5
Unarmed Combat | 1 2 3 4 5 |  5.5
Spellcasting   | 1 2 3 4 5 |  5.5
Evocations     | 1 2 3 4 5 |  5.5
Conjurations   | 1 2 3 4 |  4.5
Hexes          | 1 2 3 4 |  4.5
Summonings     | 1 2 3 4 |  4.5
Necromancy     | 1 2 3 4 |  4.5
Translocations | 1 2 3 4 |  4.5
Transmutations | 1 2 3 4 |  4.5
Fire Magic     | 1 2 3 4 |  4.5
Ice Magic      | 1 2 3 4 |  4.5
Air Magic      | 1 2 3 4 |  4.5
Earth Magic    | 1 2 3 4 |  4.5
Poison Magic   | 1 2 3 4 |  4.5
Long Blades    | 3 4 5 6 |  6.1
Crossbows      | 3 4 5 6 |  6.1
Fighting       | 5 6 7 |  7.2
Armour         | 5 6 7 |  7.2
Dodging        | 5 6 7 |  7.2
Stealth        | 5 6 7 |  7.0

Action                   |  1- 3 |  4- 6 |  7- 9 | 10-12 || total
-------------------------+-------+-------+-------+-------++-------
Melee: Dagger            |    83 |   141 |       |       ||   224
       Bite              |     6 |    14 |    36 |    19 ||    75
       Kick              |     1 |     5 |       |       ||     6
       Mace              |       |   113 |   474 |   235 ||   822
       Punch             |       |     1 |     6 |       ||     7
  Use: Potion            |     2 |     1 |     2 |     7 ||    12
       Scroll            |     1 |    11 |    11 |     4 ||    27
 Stab: Sleeping          |     1 |       |     3 |     1 ||     5
       Distracted        |       |       |       |     1 ||     1
Armor: Leather armour    |     5 |       |       |       ||     5
       Scale mail        |    26 |   151 |    12 |       ||   189
       Ring mail         |       |       |   335 |    79 ||   414
       Skin              |       |       |       |    32 ||    32
Dodge: Dodged            |    48 |   128 |   390 |   105 ||   671
Block: Other             |       |    27 |   150 |     2 ||   179
       Reflection        |       |     2 |     1 |     4 ||     7
       Kite shield       |       |       |       |   242 ||   242

Table legend: (Time is in decaauts)
 A = Elapsed time spent in this place.
 B = Non-inter-level travel time spent in this place.
 C = Inter-level travel time spent in this place.
 D = Time resting spent in this place.
 E = Time spent auto-exploring this place.
 F = Levels seen in this place.
 G = Mean time per level.
                   A        B        C        D        E       F      G
               +--------+--------+--------+--------+--------+-----+--------+
         Total |  11736 |  11472 |    264 |   4379 |   4628 |  10 | 1173.6 |
       Dungeon |  11153 |  10889 |    264 |   4148 |   4468 |   9 | 1239.2 |
         Sewer |    583 |    583 |      0 |    231 |    160 |   1 |  583.0 |
               +--------+--------+--------+--------+--------+-----+--------+

Top non-repeatable levels by time:
     D:7: 2448 daAuts
     D:3: 2244 daAuts
     D:6: 1519 daAuts
     D:5: 1269 daAuts
     D:2: 1235 daAuts
     D:1: 1113 daAuts
     D:4: 775 daAuts
   Sewer: 583 daAuts
     D:8: 436 daAuts
     D:9: 110 daAuts
